AoeStats
← Blanc

Fortress

509951990Analyzed
4v4 RM · 3d ago on Sep 28, 2026· 19m 21s· 8 players
Game mode
Random Map
Map size
Huge
Population
200
Speed
Normal
Resources
Standard
Victory
Conquest
Starting age
Dark Age
Ending age
Imperial Age
RankedLock teamsTeams togetherTeam positionsShared explorationLock speedFull tech treeHidden civsTurbo modeCheats
Victory
Defeat
🇧🇬 Wu · Bulgaria
1273
+15
🇺🇸 Italians · United States
1260
+15
🇺🇸 Muisca · United States
1259
+15
🇧🇬 Persians · Bulgaria
1257
+15
🇹🇼 Koreans · Taiwan
1314
-18
🇬🇧 Persians · United Kingdom
1223
-14
🇧🇪 Magyars · Belgium
1218
-14
🇹🇷 Khmer · Türkiye
1217
-14
iskk
7:22 Feudal Age
8:53 Double-Bit Axe
11:31 Castle Age
9:18 Horse Collar
12:26 Bow Saw
12:36 Heavy Plow
14:56 Wheelbarrow
14:10 Loom
ryaNNN
7:51 Feudal Age
11:23 Castle Age
9:20 Horse Collar
9:28 Double-Bit Axe
12:23 Silk Road
12:51 Bow Saw
12:45 Heavy Plow
16:10 Wheelbarrow
16:40 Squires
17:45 Fletching
17:57 Padded Archer Armor
19:18 Caravan
19:19 Gold Mining
19:20 Stone Mining
ThE MaTiO
6:46 Feudal Age
6:55 Feudal Age
12:34 Castle Age
10:39 Horse Collar
Blanc
6:32 Feudal Age
6:48 Feudal Age
10:38 Castle Age
8:40 Double-Bit Axe
8:54 Horse Collar
16:13 Fletching
17:43 Bodkin Arrow
solmanfu
7:35 Feudal Age
9:08 Loom
12:04 Castle Age
10:05 Double-Bit Axe
10:26 Horse Collar
12:47 Wheelbarrow
13:02 Bow Saw
sabin_schy
7:35 Feudal Age
8:44 Double-Bit Axe
8:41 Horse Collar
9:46 Loom
14:48 Castle Age
Barka
0:28 Loom
7:26 Feudal Age
10:22 Castle Age
8:40 Double-Bit Axe
9:09 Horse Collar
10:27 Wheelbarrow
11:13 Heavy Plow
murphykz2322
Connection lost

Rejoining the realm…

Still unreachable

The connection could not be restored.

Session expired

The server has moved on; the page needs a fresh start.